 Seeded DCSS version 0.30.1-8-g117510f58f (webtiles) character file.

Game seed: 6351066067085065685 (custom seed)

474250 Esekla the Archmage (level 23, -1/134 (140) HPs)
             Began as a Deep Elf Wanderer on Sept 22, 2023.
             Was the Champion of Vehumet.
             Slain by a peacekeeper (6 damage)
             ... summoned by a halazid warlock
             ... in the Desolation of Salt on Sept 23, 2023.
             The game lasted 09:25:50 (53070 turns).

Esekla the Archmage (Deep Elf Wanderer)            Turns: 53070, Time: 09:25:50

HP:   -1/134 (140)  AC: 34    Str:  9    XL:     23   Next: 59%
MP:   44/56         EV: 16    Int: 36    God:    Vehumet [******]
Gold: 4275          SH:  0    Dex: 11    Spells: 2/76 levels left

rFire   + + .        a - +12 pair of quick blades "Gyre" and "Gimble" {protect}
rCold   + . .        (shield currently unavailable)
rNeg    + . .        g - +1 ring mail "Uronn" {rF+ Regen+ Int+3}
rPois   +            m - +2 helmet {Int+3}
rElec   +            b - +2 cloak {Stlth+}
rCorr   .            Q - +2 pair of gloves "Seteklek" {rF+ rC+}
SInv    .            s - +2 pair of boots {rampage}
Will    ++...        A - amulet of magic regeneration
Stlth   ++           c - ring of the Mage {Wiz Archmagi}
HPRegen 1.22/turn    k - ring of Greed {rElec rPois rN+ AC+4 Str-2}
MPRegen 0.75/turn

%: clarity, rampage, wizardry (x1), archmagi
@: ice-armoured, wereblooded, contaminated, glowing, lightly drained
A: hooves 1, clarity, MP-powered wands
}: 2/15 runes: barnacled, gossamer
a: Renounce Religion


You were in the Desolation of Salt.
You worshipped Vehumet.
Vehumet was exalted by your worship.
You visited 9 branches of the dungeon, and saw 43 of its levels.
You visited 1 bazaar.
You also visited: Trove, Bailey, Gauntlet, Wizlab and Desolation.

You collected 8116 gold pieces.
You spent 3841 gold pieces at shops.

Inventory:

Hand Weapons
 a - the +12 pair of quick blades "Gyre" and "Gimble" (weapon) {protect}
   (You found it in a treasure trove)
 e - a +4 demon blade of electrocution
 r - a +4 trident of venom
 w - a +3 eudemon blade of holy wrath
 x - a +9 vampiric great sword
Missiles
 u - 84 poisoned darts
 K - 6 curare-tipped darts
 M - 27 boomerangs (quivered)
Armour
 b - a +2 cloak of stealth (worn)
 g - the +1 ring mail "Uronn" (worn) {rF+ Regen+ Int+3}
   (You found it on level 4 of the Shoals)

   Int:       It affects your intelligence (+3).
   rF:        It protects you from fire.
   Regen:     It increases your rate of health regeneration.
 m - a +2 helmet of intelligence (worn)
 s - a +2 pair of boots of rampaging (worn)
 Q - the +2 pair of gloves "Seteklek" (worn) {rF+ rC+}
   (You found it in a treasure trove)

   rF:        It protects you from fire.
   rC:        It protects you from cold.
Magical Staves
 d - a staff of death
Jewellery
 c - the ring of the Mage (left hand) {Wiz Archmagi}
   (You bought it in a shop on level 2 of the Dungeon)

   [ring of wizardry]

   It improves your spell success rate.
   Archmagi:  It increases the power of your magical spells.
 j - the ring of Descent {rPois rC+ Int+5 Stlth-}
   (You found it in a treasure trove)

   [ring of protection from cold]

   Int:       It affects your intelligence (+5).
   rC:        It protects you from cold.
   rPois:     It protects you from poison.
   Stlth:     It makes you less stealthy.
 k - the ring of Greed (right hand) {rElec rPois rN+ AC+4 Str-2}
   (You bought it in a shop on level 2 of the Dungeon)

   [ring of protection]

   AC:        It affects your AC (+4).
   Str:       It affects your strength (-2).
   rElec:     It insulates you from electricity.
   rPois:     It protects you from poison.
   rN:        It protects you from negative energy.
 n - the ring of Akemeir {Fire Str+4}
   (You found it in a treasure trove)

   [ring of fire]

   It enhances your fire magic.
   Str:       It affects your strength (+4).
   rF:        It protects you from fire.
   rC:        It makes you vulnerable to cold.
 A - an amulet of magic regeneration (around neck)
 D - the ring "Pileq" {Ice Str+4 Dex+3 Slay+2}
   (You took it off a merfolk aquamancer on level 4 of the Shoals)

   [ring of ice]

   It enhances your ice magic.
   Str:       It affects your strength (+4).
   Dex:       It affects your dexterity (+3).
   Slay:      It affects your accuracy & damage with ranged weapons and melee
   (+2).
   rF:        It makes you vulnerable to fire.
   rC:        It protects you from cold.
 L - a ring of see invisible
Wands
 o - a wand of roots (68)
 C - a wand of flame (94)
 F - a wand of quicksilver (41)
 H - a wand of mindburst (12)
 J - a wand of digging (15)
Scrolls
 f - 10 scrolls of blinking
 t - 8 scrolls of fog
 y - 3 scrolls of silence
 z - 4 scrolls of magic mapping
 B - 5 scrolls of fear
 G - 11 scrolls of poison
 V - 3 scrolls of amnesia
 X - 12 scrolls of teleportation
Potions
 i - 13 potions of curing
 l - 2 potions of invisibility
 p - 12 potions of haste
 q - 2 potions of might
 I - 5 potions of magic
 N - 6 potions of brilliance
 P - 11 potions of attraction
 S - 4 potions of cancellation
 T - 3 potions of resistance
 U - 6 potions of ambrosia
 Y - 8 potions of flight
Miscellaneous
 Z - a lightning rod (4/4)


   Skills:
 - Level 13.1 Fighting
 - Level 10.9(11.0) Short Blades
 + Level 1.4(6.5) Long Blades
 + Level 3.3 Throwing
 - Level 7.0 Armour
 * Level 18.3 Dodging
 + Level 7.6 Stealth
 - Level 1.9 Shields
 O Level 27 Spellcasting
 + Level 9.6 Conjurations
 + Level 15.3 Necromancy
 + Level 7.5 Translocations
 - Level 9.4 Transmutations
 * Level 12.7 Fire Magic
 + Level 11.8 Ice Magic
 + Level 13.0 Air Magic
 + Level 10.6 Earth Magic
 - Level 11.7 Poison Magic
 + Level 1.0 Invocations
 + Level 0.6 Evocations


You had 2 spell levels left.
You knew the following spells:

 Your Spells              Type           Power      Damage    Failure   Level
a - Ozocubu's Armour      Ice            100%       N/A       0%          3
b - Blink                 Tloc           100%       N/A       1%          2
c - Mephitic Cloud        Conj/Pois/Air  100%       N/A       1%          3
d - Vampiric Draining     Necr           100%       2d13      0%          3
e - Searing Ray           Conj           100%       2d8       1%          2
f - Fireball              Conj/Fire      57%        3d22      1%          5
g - Ozocubu's Refrigerat  Ice            58%        4d20      1%          7
i - Irradiate             Conj/Tmut      54%        3d29      1%          5
k - Airstrike             Air            59%        2d(9-25)  1%          4
l - Lee's Rapid Deconstr  Erth           56%        3d26*     1%          5
m - Maxwell's Capacitive  Air            59%        ∞         3%          8
n - Ignite Poison         Fire/Tmut/Pois 100%       N/A       1%          3
o - Scorch                Fire           100%       2d9       0%          2
p - Apportation           Tloc           100%       N/A       1%          1
u - Dispel Undead         Necr           100%       3d31      0%          4
v - Poisonous Vapours     Pois/Air       100%       N/A       0%          2
w - Wereblood             Tmut           100%       N/A       1%          2
x - Olgreb's Toxic Radia  Pois           100%       N/A       1%          4
y - Sticky Flame          Conj/Fire      100%       2d11      1%          4
z - Freezing Cloud        Conj/Ice/Air   57%        6-21      1%          5

Your spell library contained the following spells:

 Spells                   Type           Power      Damage    Failure   Level
 Fire Storm               Conj/Fire      57%        8d14      63%         9
 Foxfire                  Conj/Fire      100%       2x1d9     0%          1
 Freeze                   Ice            100%       1d10      0%          1
 Magic Dart               Conj           100%       1d8       0%          1
 Necrotise                Necr           100%       1d9       0%          1
 Sandblast                Erth           100%       2d20      0%          1
 Shock                    Conj/Air       100%       1d9       0%          1
 Sting                    Tmut/Pois      100%       1d8       0%          1
 Cigotuvi's Dreadful Rot  Necr/Pois/Air  100%       N/A       0%          2
 Sublimation of Blood     Necr           100%       N/A       0%          2
 Summon Small Mammal      Summ           100%       N/A       1%          1
 Call Imp                 Summ           100%       N/A       1%          2
 Lesser Beckoning         Tloc           100%       N/A       1%          2
 Passwall                 Tmut/Erth      91%        N/A       1%          2
 Frozen Ramparts          Ice            100%       1d16      0%          3
 Swiftness                Air            100%       N/A       0%          3
 Call Canine Familiar     Summ           64%        N/A       1%          3
 Gell's Gravitas          Tloc           100%       N/A       1%          3
 Hailstorm                Conj/Ice       100%       3d20      1%          3
 Inner Flame              Hex/Fire       97%        N/A       1%          3
 Portal Projectile        Hex/Tloc       100%       N/A       1%          3
 Spider Form              Tmut/Pois      100%       N/A       1%          3
 Stone Arrow              Conj/Erth      100%       3d13      1%          3
 Summon Guardian Golem    Hex/Summ       64%        N/A       1%          3
 Teleport Other           Tloc           100%       N/A       1%          3
 Tukima's Dance           Hex            64%        N/A       1%          3
 Vhi's Electric Charge    Tloc/Air       100%       N/A       1%          3
 Anguish                  Hex/Necr       51%        N/A       1%          4
 Animate Armour           Summ/Erth      100%       N/A       1%          4
 Ice Form                 Ice/Tmut       100%       N/A       1%          4
 Leda's Liquefaction      Hex/Erth       46%        N/A       1%          4
 Manifold Assault         Tloc           100%       N/A       1%          4
 Passage of Golubria      Tloc           100%       N/A       1%          4
 Petrify                  Tmut/Erth      100%       N/A       1%          4
 Summon Ice Beast         Ice/Summ       95%        N/A       1%          4
 Summon Lightning Spire   Summ/Air       97%        N/A       1%          4
 Agony                    Necr           100%       N/A       1%          5
 Alistair's Intoxication  Tmut/Pois      74%        N/A       1%          5
 Arcjolt                  Conj/Air       57%        1d67      1%          5
 Blade Hands              Tmut           54%        N/A       1%          5
 Iskenderun's Battlesphe  Conj           100%       2d15      1%          5
 Metabolic Englaciation   Hex/Ice        47%        N/A       1%          5
 Silence                  Hex/Air        48%        N/A       1%          5
 Yara's Violent Unravell  Hex/Tmut       44%        3d17      1%          5
 Conjure Ball Lightning   Conj/Air       57%        3x3d21    1%          6
 Death Channel            Necr           63%        N/A       1%          6
 Plasma Beam              Fire/Air       59%        2x1d82    1%          6
 Simulacrum               Ice/Necr       60%        N/A       1%          6
 Starburst                Conj/Fire      57%        6d15      1%          6
 Statue Form              Tmut/Erth      73%        N/A       1%          6
 Orb of Destruction       Conj           54%        9d14      1%          7
 Dispersal                Tloc           50%        N/A       2%          6
 Storm Form               Tmut/Air       57%        N/A       3%          7
 Cause Fear               Hex            32%        N/A       4%          4
 Borgnjor's Revivificati  Necr           63%        N/A       4%          8
 Ignition                 Fire           59%        3d16      4%          8
 Dragon Form              Tmut           54%        N/A       7%          7
 Summon Mana Viper        Hex/Summ       64%        N/A       11%         5
 Lehudib's Crystal Spear  Conj/Erth      55%        10d13     12%         8
 Spellforged Servitor     Conj/Summ      45%        N/A       13%         7
 Necromutation            Tmut/Necr      59%        N/A       16%         8
 Polar Vortex             Ice            58%        N/A       54%         9
 Death's Door             Necr           63%        N/A       56%         9
 Chain Lightning          Conj/Air       57%        3d76      63%         9
 Disjunction              Tloc           50%        N/A       71%         8
 Enfeeble                 Hex            32%        N/A       96%         7
 Summon Hydra             Summ           32%        N/A       96%         7
 Discord                  Hex            32%        N/A       100%        8
 Dragon's Call            Summ           32%        N/A       100%        9


Dungeon Overview and Level Annotations

Branches:
Dungeon (15/15)            Temple (0/1) D:6            Lair (5/5) D:11
 Shoals (4/4) Lair:2       Spider (4/4) Lair:3        Slime (0/5) Lair:5
    Orc (2/2) D:10            Elf (2/3) Orc:2        Vaults (4/5) D:13
  Crypt (3/3) Vaults:2       Tomb (0/3) Crypt:3      Depths (4/4) D:15
    Zot (0/5) Depths:4     Bailey (visited)          WizLab (visited)
Desolation (1/1)          Gauntlet (visited)

Altars:
Dithmenos
Fedhas
Hepliaklqana
Nemelex Xobeh
Okawaru
Qazlal
Ru
Trog
Uskayaw
Vehumet
Wu Jian
Zin
The Shining One
Jiyva

Shops:
D:2 =   D:4 (   D:11 *   Orc:2 **[:   Shoals:2 (   Shoals:3 !   Vaults:1 [
Vaults:4 ?   Depths:2 :

Portals:
Hell: Depths:1 Depths:2 Depths:3 Depths:4
Abyss: Depths:2 Depths:3
Pandemonium: Orc:2 Depths:2
Ziggurat: Depths:3

Annotations:
Crypt:2 3 runed translucent doors, Fainec's ghost, veteran GrEE; Hali's ghost, veteran FoFi; Nyubb's ghost, veteran MiGl


Innate Abilities, Weirdness & Mutations

You have large cloven feet.
You possess an exceptional clarity of mind.
You expend magic power (3 MP) to strengthen your wands.


Message History

The halazid warlock casts a spell at you.
The bolt of cold hits you. You resist.
* * * LOW HITPOINT WARNING * * *
The saltling hits you but does no damage.
The saltling hits you!
* * * LOW HITPOINT WARNING * * *
The peacekeeper barely misses you. The peacekeeper claws you.
* * * LOW HITPOINT WARNING * * *
The peacekeeper bites you but does no damage.
The peacekeeper claws you but does no damage.
You hear a roar!
Casting: Vampiric Draining (safe; 0% risk of failure)
Confirm with . or Enter, or press ? or * to list all spells.
Aiming: Vampiric Draining (safe; 0% risk of failure)
Press: ? - help, Shift-Dir - straight line, f/p - halazid warlock
Aim: a halazid warlock (almost destroyed, sheltered from injuries, not susceptible)
You feel a surge of power!
The halazid warlock is unaffected.
You hear a shout!
The saltling hits you but does no damage.
The saltling barely misses you.
The peacekeeper roars a battlecry!
The golems go into a battle-frenzy!
The peacekeeper misses you. The peacekeeper closely misses you.
The saltling barely misses you.
The halazid warlock gestures wildly while chanting.
The peacekeeper bites you!
* * * LOW HITPOINT WARNING * * *
The peacekeeper claws you but does no damage.
The halazid warlock touches you but does no damage.
The ragged hierophant gestures wildly while chanting.
The ragged hierophant begins to accept its allies' injuries.
A crystal guardian comes into view.
Casting: Vampiric Draining (safe; 0% risk of failure)
Confirm with . or Enter, or press ? or * to list all spells.
Aiming: Vampiric Draining (safe; 0% risk of failure)
Press: ? - help, Shift-Dir - straight line, f/p - halazid warlock
Aim: a halazid warlock (almost destroyed, sheltered from injuries, not susceptible)
You feel a surge of power!
The halazid warlock is unaffected.
The saltling dissolves into shadows!
The peacekeeper bites you.
You die...

###############
###############
###############
###############
###############
###############
....9999)...9..
....999@99#
.....pLa999§...
....§89(a§.a§..
..§§§§9§9L§§§..
§..§§§9§§§9.§..
...9§§§§.§§§...
.....
....a.......§..
.....
.........#.99..
.....


You could see 2 ragged hierophants, an imperial myrmidon (summoned, sheltered),
2 halazid warlocks, a crystal guardian (strong), an ironbound convoker
(summoned, sheltered), 4 peacekeepers, a molten gargoyle (summoned, strong,
sheltered), 12 saltlings and a +1 mace of protection (summoned, sheltered).

Vanquished Creatures
  A dread lich (Crypt:3)
  Mara (Spider:4)
  An ancient lich (Crypt:3)
  A juggernaut (Depths:3)
  Mennas (Vaults:3)
  Josephina (Depths:3)
  A curse toe (Crypt:3)
  Margery (Depths:3)
  2 golden dragons
  A mutant beast (WizLab)
  A Tzitzimitl (Depths:3)
  2 doom hounds (Depths:3)
  2 bone dragons
  Grunn (Depths:3)
  A walking earthen tome (Depths:4)
  3 hellephants (Depths:1)
  Rupert (Lair:4)
  3 liches
  A quicksilver dragon (Vaults:4)
  6 ancient champions
  2 krakens
  9 sphinxes
  5 shadow dragons
  A tengu reaver (Depths:2)
  Ilsuiw (Shoals:3)
  3 storm dragons
  11 frost giants
  7 fire giants
  3 iron dragons (Vaults:4)
  3 daevas (Depths:3)
  A draconian scorcher (Depths:4)
  9 emperor scorpions
  2 ghouls
  3 curse skulls
  A deep elf sorcerer (Elf:1)
  4 ghost moths
  12 vault wardens
  4 angels (Depths:3)
  A balrug (Gauntlet)
  A draconian stormcaller (Depths:4)
  2 orc warlords
  13 ironbound thunderhulks
  9 ironbound preservers
  12 stone giants
  A spriggan defender (Depths:4)
  29 very ugly things
  3 reapers
  4 war gargoyles (Vaults:2)
  A broodmother (Spider:3)
  11 vampire knights
  A deep elf demonologist (Elf:1)
  A black draconian (Depths:4)
  A putrid mouth (Depths:3)
  A white draconian (Depths:4)
  4 yellow draconians (Depths:4)
  Azrael (Orc:2)
  8 dire elephants
  A red draconian (Depths:4)
  2 minotaurs
  2 deep elf annihilators (Elf:1)
  5 eidola
  6 spark wasps
  A crystal guardian (Vaults:4)
  5 entropy weavers
  2 ragged hierophants (Desolation)
  A blizzard demon (Depths:3)
  4 merfolk javelineers
  7 ettins
  4 merfolk impalers
  6 fire dragons
  3 deep elf death magi
  7 great orbs of eyes
  3 deep elf high priests
  8 yaktaur captains
  2 rakshasas (Depths:3)
  3 jiangshi (Crypt:3)
  4 ice dragons
  4 hydras
  6 peacekeepers
  2 servants of whispers (Desolation)
  An ice dragon (shapeshifter) (D:14)
  Harold (D:9)
  6 spriggan air magi
  11 vault guards
  15 ironbound frosthearts
  A demonspawn (Orc:2)
  4 merfolk aquamancers
  2 death knights (Crypt:1)
  3 radroaches
  16 satyrs
  9 centaur warriors
  3 catoblepae
  A hell beast (Depths:2)
  3 jorogumos
  An alligator snapping turtle (Shoals:3)
  5 dancing weapons
  4 merfolk avatars
  9 boulder beetles
  2 tengu warriors (Depths:2)
  4 two-headed ogres
  4 deep troll earth magi
  7 hell hogs (Depths:1)
  4 vampire magi
  A titan zombie (Crypt:2)
  8 spriggan berserkers
  3 orc high priests (Orc:2)
  A soul eater (Crypt:1)
  A sun demon (Depths:2)
  21 hell knights
  2 pharaoh ants
  A shadow wraith (Crypt:2)
  21 skeletal warriors
  3 iron trolls
  A deep troll (shapeshifter) (WizLab)
  A sun moth (Spider:1)
  4 flayed ghosts
  Lodul (D:11)
  12 sea snakes
  35 deep trolls
  4 skysharks
  10 orb spiders
  An orb spider (shapeshifter) (Depths:2)
  6 cherubim (Depths:3)
  3 glowing orange brains
  2 golden dragon skeletons
  4 bog bodies
  Pikel (D:6)
  An iron giant skeleton (Crypt:3)
  A swamp dragon (Lair:5)
  An anaconda skeleton (Crypt:2)
  20 ironbound convokers
  A lindwurm (shapeshifter) (WizLab)
  16 deep elf pyromancers
  8 phantasmal warriors
  3 steelbarb worms
  6 lindwurms
  A bunyip skeleton (Crypt:2)
  A spriggan simulacrum (Depths:3)
  A tengu zombie (Vaults:4)
  An oklob plant (Lair:5)
  11 wizards
  5 deep elf archers
  A sphinx zombie (Depths:1)
  14 necromancers
  A wolf spider zombie (Crypt:1)
  8 deep elf zephyrmancers
  29 harpies
  56 ugly things
  8 wolf spiders
  24 fauns
  A tengu skeleton (Vaults:4)
  A mana viper (shapeshifter) (WizLab)
  11 orc knights
  A shining eye (shapeshifter) (WizLab)
  A fire giant zombie (Depths:1)
  2 stone giant zombies
  22 cyclopes
  10 orc sorcerers
  2 fauns (shapeshifter)
  3 moths of wrath
  26 manticores
  Joseph (D:7)
  An eleionoma skeleton (Crypt:2)
  6 merfolk sirens
  2 black mambas
  10 elephants
  A black mamba (shapeshifter) (D:13)
  2 human skeletons (Vaults:4)
  7 water nymphs
  7 torpor snails
  2 guardian serpents (shapeshifter) (WizLab)
  3 smoke demons
  25 vault sentinels
  A molten gargoyle (Desolation)
  3 guardian serpents (Desolation)
  3 gargoyles
  3 demonic crawlers
  11 cane toads
  A storm dragon simulacrum (Depths:3)
  A centaur skeleton (Crypt:2)
  A red draconian zombie (Crypt:3)
  Psyche (D:11)
  A grey draconian zombie (Crypt:3)
  An unseen horror (shapeshifter) (WizLab)
  3 rime drakes
  16 komodo dragons
  An unseen horror (D:13)
  6 freezing wraiths
  A yaktaur (shapeshifter) (WizLab)
  4 human zombies (Vaults:4)
  4 kobold demonologists
  42 yaktaurs
  A catoblepas zombie (Crypt:2)
  An ice devil (Depths:2)
  2 elves (WizLab)
  5 tengu conjurers
  An alligator snapping turtle skeleton (Crypt:2)
  An efreet (D:14)
  A red devil (Orc:2)
  4 guardian mummies (Crypt:3)
  A harpy zombie (Crypt:1)
  2 polar bears (shapeshifter) (WizLab)
  3 tyrant leeches (Lair:5)
  A meliai (D:14)
  A white draconian skeleton (Crypt:3)
  28 merfolk
  A polar bear (D:11)
  10 trolls
  A death drake zombie (Crypt:2)
  15 hornets
  9 tarantellas
  A troll (shapeshifter) (WizLab)
  A queen bee (shapeshifter) (WizLab)
  A shadow dragon simulacrum (Depths:3)
  A tengu simulacrum (Depths:3)
  3 wind drakes
  18 saltlings
  2 harpy skeletons (Crypt:1)
  7 large abominations (WizLab)
  A fire giant simulacrum (Depths:3)
  A tarantella (shapeshifter) (WizLab)
  5 blink frogs
  An ettin zombie (Depths:1)
  24 slime creatures
  11 jumping spiders
  4 centaur simulacra (D:11)
  8 snapping turtles
  15 spriggans
  6 flying skulls
  8 water elementals
  2 air elementals
  2 jumping spiders (shapeshifter) (WizLab)
  2 vampires
  7 culicivoras
  A culicivora (shapeshifter) (Elf:1)
  11 wraiths
  3 humans (WizLab)
  5 basilisks
  33 yaks
  A chaos spawn (Orc:2)
  A golden eye (shapeshifter) (WizLab)
  A human (shapeshifter) (WizLab)
  A redback (shapeshifter) (WizLab)
  An iron golem (WizLab)
  3 steam dragons
  5 wyverns
  9 small abominations (WizLab)
  5 vampire mosquitoes
  4 fire elementals
  29 redbacks
  A wind drake skeleton (Crypt:3)
  Menkaure (D:7)
  2 wargs (Orc:2)
  3 acid dragons
  5 floating eyes
  An entropy weaver zombie (Crypt:3)
  6 ice beasts
  6 hell hounds
  14 water moccasins
  2 swamp drakes (Lair:5)
  A naga skeleton (Crypt:3)
  A sky beast (D:6)
  A meliai simulacrum (D:14)
  37 orc warriors
  2 black bears
  A merfolk simulacrum (Crypt:1)
  15 ogres
  An elephant zombie (Crypt:1)
  9 centaurs
  3 boggarts (Lair:3)
  12 wolves
  A lindwurm skeleton (Crypt:3)
  A phantom (D:7)
  Blork the orc (D:6)
  6 kobold brigands
  A draconian zombie (Crypt:2)
  4 gnoll sergeants
  4 earth elementals
  10 bullfrogs
  3 scorpions
  3 necrophages (Crypt:1)
  10 wights
  A wyvern skeleton (Crypt:3)
  A yak zombie (Crypt:2)
  21 killer bees
  A polar bear skeleton (Crypt:2)
  2 howler monkeys (D:10)
  An electric eel (D:11)
  A jelly (shapeshifter) (D:15)
  2 quasits
  2 gnoll boudas
  6 hounds
  A jelly (D:6)
  Crazy Yiuf (D:7)
  25 orc priests
  A sleepcap (D:5)
  7 iguanas
  12 orc wizards
  12 hell rats
  An acid dragon zombie (Crypt:1)
  2 ogre skeletons
  27 gnolls
  9 adders
  3 shadow imps (D:8)
  9 white imps
  4 ufetubi
  An iguana skeleton (Crypt:1)
  A worm (D:4)
  3 dart slugs
  82 orcs
  2 bat zombies
  4 endoplasms
  9 goblins
  7 hobgoblins
  A quokka (D:1)
  3 training dummies (Shoals:2)
  6 ball pythons
  4 bats
  4 frilled lizards
  A jackal zombie (Crypt:3)
  24 kobolds
  A rat (D:2)
1842 creatures vanquished.

Vanquished Creatures (others)
  A ragged hierophant (Desolation)
  A tormentor (Depths:3)
  An orc wizard (D:8)
  8 tentacles
11 creatures vanquished.

Grand Total: 1853 creatures vanquished

Notes
Turn   | Place    | Note
-------+----------+-------------------------------------------
     0 | D:1      | Esekla the Deep Elf Wanderer began the quest for the Orb.
     0 | D:1      | Esekla set off with the following items: a +0 club, a
                  | potion of lignification, a +0 robe, a +0 buckler; and the
                  | following spells available to memorise: Apportation, Blink,
                  | Lesser Beckoning, Magic Dart, Ignite Poison, Vampiric
                  | Draining.
     0 | D:1      | Reached XP level 1. HP: 10/10 MP: 7/7
     2 | D:1      | Learned a level 1 spell: Magic Dart
     4 | D:1      | Learned a level 1 spell: Apportation
   399 | D:4      | Found a radiant altar of Vehumet.
   410 | D:4      | Found an iron altar of Okawaru.
   421 | D:4      | Found a glowing silver altar of Zin.
   509 | D:4      | Became a worshipper of Vehumet
   700 | D:3      | Reached skill level 1 in Dodging
   700 | D:3      | Reached XP level 2. HP: 15/15 MP: 3/9
   840 | D:3      | Identified the +5 rapier of the Hero {heavy, rN+ Dex+3}
   873 | D:2      | Found Renulab's Jewellery Shop.
  1135 | D:2      | Learned a level 2 spell: Blink
  1161 | D:2      | Reached skill level 1 in Short Blades
  1198 | D:3      | Found a stormy altar of Qazlal.
  1248 | D:3      | Reached XP level 3. HP: 19/19 MP: 7/11
  1252 | D:3      | Learned a level 3 spell: Vampiric Draining
  1473 | D:1      | Reached skill level 1 in Necromancy
  1648 | D:1      | Reached skill level 5 in Spellcasting
  1671 | D:1      | Reached * piety under Vehumet
  1671 | D:1      | Offered knowledge of Sandblast by Vehumet.
  1678 | D:1      | Learned a level 3 spell: Teleport Other
  1790 | D:2      | Noticed a black bear
  1805 | D:2      | Reached XP level 4. HP: 18/24 MP: 1/13
  1825 | D:2      | Found a faded altar of an unknown god.
  2488 | D:3      | Found a hazy altar of Hepliaklqana.
  2490 | D:3      | Found a bloodstained altar of Trog.
  2499 | D:3      | Reached XP level 5. HP: 20/28 MP: 9/15
  2684 | D:4      | Found a glowing golden altar of the Shining One.
  2771 | D:3      | Reached skill level 6 in Spellcasting
  2771 | D:3      | Reached skill level 1 in Conjurations
  2908 | D:4      | Found Ponaysk's Antique Weapon Boutique.
  3321 | D:4      | Reached XP level 6. HP: 24/32 MP: 10/17
  3421 | D:5      | Entered Level 5 of the Dungeon
  3424 | D:5      | Got the Parchment of the Lumpy Olives
  3440 | D:5      | Found a shadowy altar of Dithmenos.
  3652 | D:5      | Reached skill level 7 in Spellcasting
  3956 | D:5      | Reached XP level 7. HP: 34/36 MP: 15/20
  4052 | D:5      | Offered knowledge of Scorch by Vehumet.
  4056 | D:5      | Learned a level 2 spell: Scorch
  4074 | D:5      | Reached ** piety under Vehumet
  4360 | D:5      | Reached skill level 8 in Spellcasting
  4560 | D:6      | Found a staircase to the Ecumenical Temple.
  4581 | D:6      | Reached skill level 1 in Fire Magic
  4752 | D:6      | Reached skill level 9 in Spellcasting
  4847 | D:6      | Reached skill level 1 in Throwing
  4897 | D:6      | Noticed Blork the orc
  4934 | D:6      | Noticed Pikel
  4984 | D:7      | Found a runed translucent door.
  4985 | D:7      | Noticed Crazy Yiuf
  4992 | D:7      | Killed Crazy Yiuf
  4993 | D:7      | Reached XP level 8. HP: 41/41 MP: 23/23
  5188 | D:7      | Noticed Menkaure
  5192 | D:7      | Killed Menkaure
  5223 | D:7      | Reached skill level 10 in Spellcasting
  5670 | D:6      | Killed Pikel
  5671 | D:6      | Reached skill level 5 in Dodging
  5671 | D:6      | Reached skill level 11 in Spellcasting
  5671 | D:6      | Reached skill level 5 in Necromancy
  5687 | D:6      | Killed Blork the orc
  5688 | D:6      | Reached XP level 9. HP: 39/45 MP: 21/26
  5819 | D:6      | Offered knowledge of Searing Ray by Vehumet.
  5835 | D:6      | Learned a level 2 spell: Searing Ray
  5866 | D:6      | Found a blossoming altar of Fedhas.
  6181 | D:7      | Learned a level 3 spell: Ignite Poison
  6200 | D:7      | Reached skill level 1 in Poison Magic
  6247 | D:7      | Noticed Joseph
  6267 | D:7      | Killed Joseph
  6268 | D:7      | Reached skill level 1 in Transmutations
  6299 | D:8      | Reached skill level 12 in Spellcasting
  6299 | D:8      | Reached *** piety under Vehumet
  6523 | D:8      | Offered knowledge of Sticky Flame by Vehumet.
  6535 | D:7      | Learned a level 4 spell: Sticky Flame
  6600 | D:8      | Noticed a two-headed ogre
  6607 | D:8      | Killed a two-headed ogre
  6608 | D:8      | Reached XP level 10. HP: 50/50 MP: 24/28
  6871 | D:8      | Found a hide-covered altar of Uskayaw.
  6888 | D:8      | Found a transporter.
  6889 | D:8      | Found a transporter.
  6915 | D:8      | Found a transporter.
  7036 | D:8      | Found a transporter.
  7370 | D:9      | Noticed a two-headed ogre
  7382 | D:9      | Killed a two-headed ogre
  7383 | D:9      | Reached skill level 13 in Spellcasting
  7460 | D:9      | Found a flagged portal.
  7497 | Bailey   | Entered a bailey
  7516 | Bailey   | Reached **** piety under Vehumet
  7560 | Bailey   | Offered knowledge of Lee's Rapid Deconstruction by Vehumet.
  7567 | Bailey   | Learned a level 5 spell: Lee's Rapid Deconstruction
  7713 | Bailey   | Reached skill level 1 in Earth Magic
  7754 | Bailey   | Identified the +2 bardiche of Puhoisos {heavy, rElec
                  | Stlth+}
  7758 | Bailey   | Noticed an orc knight
  7758 | Bailey   | Noticed an orc knight
  7812 | Bailey   | Killed an orc knight
  7869 | Bailey   | Killed an orc knight
  8015 | Bailey   | Reached skill level 1 in Fighting
  8199 | D:9      | Reached skill level 14 in Spellcasting
  8345 | D:9      | Noticed a cyclops
  8356 | D:9      | Killed a cyclops
  8451 | D:9      | Noticed a cyclops
  8482 | D:9      | Killed a cyclops
  8483 | D:9      | Reached XP level 11. HP: 51/59 MP: 31/31
  8680 | D:9      | Reached ***** piety under Vehumet
  8806 | D:9      | Noticed Harold
  8857 | D:10     | Entered Level 10 of the Dungeon
  8952 | D:11     | Noticed Lodul
  9121 | D:10     | Offered knowledge of Irradiate by Vehumet.
  9131 | D:10     | Learned a level 5 spell: Irradiate
  9561 | D:10     | Reached skill level 5 in Fire Magic
  9934 | D:10     | Found a sacrificial altar of Ru.
  9977 | D:10     | Reached skill level 1 in Armour
 10021 | D:10     | Found a staircase to the Orcish Mines.
 10118 | Orc:1    | Entered Level 1 of the Orcish Mines
 10119 | Orc:1    | Noticed an orc knight
 10478 | D:10     | Reached skill level 1 in Long Blades
 10652 | D:10     | Killed an orc knight
 10665 | D:10     | Reached skill level 15 in Spellcasting
 10959 | D:11     | Got Simple Magic
 11008 | D:11     | Noticed Psyche
 11013 | D:11     | Noticed a two-headed ogre
 11018 | D:11     | Killed Psyche
 11024 | D:11     | Killed a two-headed ogre
 11133 | D:11     | Reached skill level 5 in Conjurations
 11273 | D:11     | Found Fagafuf's Pet Rocks.
 11288 | D:11     | Reached XP level 12. HP: 62/66 MP: 31/33
 11372 | D:11     | Found a staircase to the Lair.
 11626 | D:12     | Learned a level 2 spell: Wereblood
 11909 | D:12     | Found a portal to a secret trove of treasure.
 11955 | D:12     | Learned a level 3 spell: Mephitic Cloud
 11958 | D:12     | Learned a level 2 spell: Poisonous Vapours
 12125 | D:12     | Learned a level 5 spell: Freezing Cloud
 12261 | Trove    | Entered a treasure trove
 12266 | Trove    | Found the +8 mithril axe "Arga" {speed, Will+}
 12266 | Trove    | Found the +12 pair of quick blades "Gyre" and "Gimble"
                  | {protect}
 12270 | Trove    | Identified the ring of Akemeir {Fire Str+4}
 12274 | Trove    | Identified the +2 pair of gloves "Seteklek" {rF+ rC+}
 12298 | Trove    | Identified the ring of Descent {rPois rC+ Int+5 Stlth-}
 12306 | Trove    | Identified the +3 ring mail "Poady" {+Inv rF+ Dex+2 Slay-4}
 12354 | D:11     | Killed Lodul
 12535 | D:2      | Bought the ring of the Mage {Wiz Archmagi} for 714 gold
                  | pieces
 12535 | D:2      | Found the ring of the Mage {Wiz Archmagi}
 12810 | D:9      | Found a sparkling altar of Nemelex Xobeh.
 12878 | D:9      | Killed Harold
 12879 | D:9      | Reached skill level 1 in Ice Magic
 13591 | Lair:1   | Entered Level 1 of the Lair of Beasts
 13634 | Lair:1   | Reached skill level 5 in Earth Magic
 13706 | Lair:1   | Reached skill level 16 in Spellcasting
 14114 | D:2      | Bought the ring of Greed {rElec rPois rN+ AC+4 Str-2} for
                  | 758 gold pieces
 14356 | Lair:1   | Reached skill level 1 in Air Magic
 14808 | Lair:2   | Reached skill level 5 in Fighting
 15410 | Lair:2   | Reached XP level 13. HP: 72/72 MP: 29/35
 15427 | Lair:2   | Found a transporter.
 15427 | Lair:2   | Found a transporter.
 15434 | Lair:2   | Learned a level 5 spell: Fireball
 15627 | Lair:2   | Found a staircase to the Shoals.
 15635 | Lair:2   | Reached skill level 10 in Necromancy
 15806 | Lair:3   | Found a hole to the Spider Nest.
 15891 | Lair:3   | Reached skill level 5 in Transmutations
 15918 | Lair:3   | Reached skill level 17 in Spellcasting
 16009 | Lair:3   | Identified the +3 leather armour of Okawaru's Inspiration
                  | {Str+4}
 16390 | Lair:3   | Reached skill level 5 in Short Blades
 16494 | Lair:4   | Noticed Rupert
 16501 | Lair:4   | Killed Rupert
 16790 | Lair:4   | Reached skill level 5 in Translocations
 17360 | Lair:5   | Entered Level 5 of the Lair of Beasts
 17396 | Lair:5   | Reached XP level 14. HP: 60/80 MP: 25/37
 17397 | Lair:5   | Reached skill level 5 in Ice Magic
 17775 | Lair:5   | Found a viscous altar of Jiyva.
 17775 | Lair:5   | Found a staircase to the Slime Pits.
 17924 | Lair:5   | Found a runed translucent door.
 17968 | Lair:5   | Reached skill level 18 in Spellcasting
 18417 | Lair:5   | Got Utragud's Papyrus of the Inquisitive Olives
 18925 | Orc:2    | Entered Level 2 of the Orcish Mines
 19057 | Orc:2    | Found Roezostra's General Store.
 19078 | Orc:2    | Found Bamnuus's General Store.
 19160 | Orc:2    | Noticed an orc warlord
 19173 | Orc:2    | Found a staircase to the Elven Halls.
 19188 | Orc:2    | Killed an orc warlord
 19188 | Orc:2    | Offered knowledge of Arcjolt by Vehumet.
 19198 | Orc:2    | Learned a level 5 spell: Arcjolt
 19466 | Orc:2    | Reached skill level 5 in Poison Magic
 19598 | Orc:2    | Noticed Azrael
 19603 | Orc:2    | Killed Azrael
 19939 | Orc:2    | Found Huzal's Antique Armour Boutique.
 19939 | Orc:2    | Found Jyohez's Book Shop.
 19940 | Orc:2    | Found a one-way gate leading to the halls of Pandemonium.
 19942 | Orc:2    | Bought a runed helmet for 270 gold pieces
 19955 | Orc:2    | Bought a Young Poisoner's Handbook for 300 gold pieces
 20176 | D:13     | Reached skill level 5 in Armour
 20176 | D:13     | Reached XP level 15. HP: 88/88 MP: 39/39
 20334 | D:13     | Found a gate to the Vaults.
 20357 | D:13     | Reached skill level 10 in Dodging
 20365 | D:13     | Reached skill level 5 in Air Magic
 20412 | D:13     | You fall into a shaft and drop 2 floors!
 20412 | D:15     | Entered Level 15 of the Dungeon
 20457 | D:15     | Found a staircase to the Depths.
 20458 | D:15     | Reached skill level 19 in Spellcasting
 20551 | D:15     | Found a stormy altar of Qazlal.
 20571 | D:15     | Found a gate leading to a gauntlet.
 20604 | D:15     | Acquired the +0 pair of boots "Temib" {rF+ rC+ Int+3}
 20606 | D:15     | Acquired 689 gold pieces
 20607 | D:15     | Acquired 362 gold pieces
 20615 | Gauntlet | Entered a Gauntlet
 20615 | Gauntlet | Found a transporter.
 20618 | Gauntlet | Found a transporter.
 20630 | Gauntlet | Found a transporter.
 20634 | Gauntlet | Found a transporter.
 20650 | Gauntlet | Found a transporter.
 20664 | Gauntlet | Found a transporter.
 20667 | Gauntlet | Found a transporter.
 20671 | Gauntlet | Found a transporter.
 20699 | Gauntlet | Found a transporter.
 20710 | Gauntlet | Found a transporter.
 20710 | Gauntlet | Found a transporter.
 20716 | Gauntlet | Found a transporter.
 20904 | Gauntlet | Identified the +2 helmet "Pegeat" {Rampage rC+ rCorr Str-3
                  | Dex+4}
 21195 | Gauntlet | Identified the +10 hand axe of Unpleasantness {venom, rC-
                  | Str-5 Dex+6}
 21282 | D:14     | Offered knowledge of Eringya's Noxious Bog by Vehumet.
 22825 | D:14     | Noticed a storm dragon
 22832 | D:14     | Killed a storm dragon
 22851 | D:14     | Noticed a storm dragon
 22862 | D:14     | Killed a storm dragon
 22866 | D:14     | Reached XP level 16. HP: 83/95 MP: 18/41
 22924 | D:14     | Learned a level 4 spell: Olgreb's Toxic Radiance
 23309 | D:14     | Reached skill level 20 in Spellcasting
 23741 | Spider:1 | Entered Level 1 of the Spider Nest
 23796 | Spider:1 | Identified the +1 pair of boots of Piysunuo {Str+3}
 24162 | Spider:1 | Offered knowledge of Iron Shot by Vehumet.
 25410 | D:2      | Bought a ring of see invisible for 210 gold pieces
 26945 | Spider:4 | Entered Level 4 of the Spider Nest
 26963 | Spider:4 | Noticed Mara
 26972 | Spider:4 | Noticed Esekla's illusion
 26984 | Spider:4 | Killed Mara
 27315 | Spider:4 | Reached skill level 21 in Spellcasting
 27339 | Spider:4 | Reached ****** piety under Vehumet
 27339 | Spider:4 | Offered knowledge of Ozocubu's Refrigeration by Vehumet.
 27340 | Spider:4 | Reached XP level 17. HP: 101/101 MP: 41/44
 28165 | Spider:4 | Got a gossamer rune of Zot
 28503 | Shoals:1 | Entered Level 1 of the Shoals
 29098 | Shoals:2 | Reached skill level 10 in Fighting
 29287 | Shoals:2 | Reached skill level 22 in Spellcasting
 29308 | Shoals:1 | Learned a level 7 spell: Ozocubu's Refrigeration
 29310 | Shoals:1 | Upgraded the game from 0.30.1-6-gbe392663c4 to
                  | 0.30.1-8-g117510f58f
 29742 | Shoals:2 | Found Biskeott's Firing Range.
 29756 | Shoals:2 | Offered knowledge of Iskenderun's Battlesphere by Vehumet.
 30101 | Shoals:3 | Noticed Ilsuiw
 30119 | Shoals:3 | Killed Ilsuiw
 30360 | Shoals:3 | Noticed a kraken
 30380 | Shoals:3 | Killed a kraken
 30487 | Shoals:3 | Found Zemonaik's Distillery.
 30562 | Shoals:3 | Reached XP level 18. HP: 108/108 MP: 44/46
 30569 | Shoals:3 | Bought a potion of heal wounds for 75 gold pieces
 30569 | Shoals:3 | Bought a potion of heal wounds for 75 gold pieces
 30569 | Shoals:3 | Bought 2 potions of heal wounds for 150 gold pieces
 30960 | Shoals:2 | Identified the +1 animal skin "Kougi" {rPois rF++ MP+9}
 30993 | Shoals:4 | Entered Level 4 of the Shoals
 31173 | Shoals:4 | Reached skill level 23 in Spellcasting
 31259 | Shoals:4 | Identified the +1 ring mail "Uronn" {rF+ Regen+ Int+3}
 31472 | Shoals:4 | Paralysed by a sphinx for 2 turns
 31483 | Shoals:4 | Reached skill level 10 in Short Blades
 31486 | Shoals:4 | Got Cuuv Rytt's Atlas of Hot Beguiling
 31486 | Shoals:4 | Got a barnacled rune of Zot
 31537 | Shoals:4 | Identified the ring "Pileq" {Ice Str+4 Dex+3 Slay+2}
 31737 | Shoals:4 | Offered knowledge of Iron Shot by Vehumet.
 32539 | Vaults:1 | Entered Level 1 of the Vaults
 32738 | Vaults:1 | Found Emogyl Osee's Armour Boutique.
 32942 | Vaults:1 | Identified the +9 arbalest of Xom's Indignation {penet,
                  | Dex+4 Stlth+}
 33729 | Vaults:2 | Reached skill level 5 in Stealth
 33747 | Vaults:2 | Reached skill level 24 in Spellcasting
 33782 | Vaults:2 | Reached XP level 19. HP: 108/115 MP: 49/49
 33808 | Vaults:2 | Found a staircase to the Crypt.
 33833 | Vaults:2 | Found a flickering gateway to a bazaar.
 33856 | Bazaar   | Entered a bazaar
 33874 | Bazaar   | Found Huts's Armour Emporium.
 33874 | Bazaar   | Found Fuoqy's Distillery.
 33879 | Bazaar   | Bought a +1 cloak of stealth for 181 gold pieces
 33895 | Bazaar   | Bought a potion of curing for 21 gold pieces
 33895 | Bazaar   | Bought a potion of haste for 70 gold pieces
 33895 | Bazaar   | Bought a potion of mutation for 56 gold pieces
 33912 | Bazaar   | Found Luehida's Magic Scroll Shoppe.
 33917 | Bazaar   | Bought a scroll of blinking for 82 gold pieces
 33934 | Bazaar   | Found Subykus's Antique Weapon Emporium.
 33934 | Bazaar   | Found Zefiutze's Weapon Shoppe.
 33955 | Bazaar   | Found Gopir's Armour Shoppe.
 33959 | Bazaar   | Bought the +0 mask of the Dragon {Will+ Slay+3 SInv} for
                  | 367 gold pieces
 33959 | Bazaar   | Found the +0 mask of the Dragon {Will+ Slay+3 SInv}
 34276 | Vaults:2 | Learned a level 6 spell: Statue Form
 34394 | Vaults:2 | Learned a level 4 spell: Airstrike
 34535 | Vaults:2 | Offered knowledge of Fire Storm by Vehumet.
 34535 | Vaults:2 | Offered knowledge of Chain Lightning by Vehumet.
 34535 | Vaults:2 | Offered knowledge of Polar Vortex by Vehumet.
 35310 | Vaults:2 | Reached skill level 25 in Spellcasting
 36114 | Vaults:3 | Reached XP level 20. HP: 122/122 MP: 49/51
 36287 | Vaults:3 | Noticed Mennas
 36318 | Vaults:3 | Killed Mennas
 36505 | Vaults:3 | Learned a level 4 spell: Dispel Undead
 36642 | Depths:1 | Entered Level 1 of the Depths
 36698 | Depths:1 | Reached skill level 10 in Poison Magic
 36711 | Depths:1 | Found a radiant altar of Vehumet.
 36842 | Depths:1 | Found a hazy altar of Hepliaklqana.
 36965 | Depths:1 | Reached skill level 26 in Spellcasting
 37109 | Depths:1 | Found a gateway to Hell.
 37280 | Depths:2 | Found a magical portal.
 37329 | WizLab   | Entered Cigotuvi's Fleshworks
 37360 | WizLab   | Reached skill level 15 in Dodging
 37944 | WizLab   | Gained mutation: You are frail. (-10% HP) [a shining eye]
 37960 | WizLab   | Found the -2 hat of the Alchemist {rElec rPois rF+ rC+ rN+
                  | Will+ rMut rCorr}
 37977 | WizLab   | Paralysed by a floating eye for 3 turns
 38050 | WizLab   | Reached skill level 10 in Air Magic
 38062 | WizLab   | Got the Incunable of Shapes
 38065 | WizLab   | Got Cigotuvi's Book of the Switch
 38067 | WizLab   | Got the Handbook of Shapeshifting
 38314 | WizLab   | Lost mutation: You are frail. (-10% HP) [potion of
                  | mutation]
 38314 | WizLab   | Gained mutation: You expend magic power (3 MP) to
                  | strengthen your wands. [potion of mutation]
 38314 | WizLab   | Gained mutation: You have large cloven feet. [potion of
                  | mutation]
 38314 | WizLab   | Gained mutation: You possess an exceptional clarity of
                  | mind. [potion of mutation]
 38324 | Depths:2 | Found a one-way gate to the infinite horrors of the Abyss.
 38345 | Depths:2 | Found Wesogg's Book Emporium.
 38394 | Depths:2 | Paralysed by a sphinx for 5 turns
 38963 | Depths:2 | Reached XP level 21. HP: 124/128 MP: 51/53
 39291 | Depths:2 | Reached skill level 27 in Spellcasting
 39521 | Depths:2 | Bought Kyriuruj's Omnibus of Bewitching Frostbite for 512
                  | gold pieces
 39525 | Depths:2 | Learned a level 3 spell: Ozocubu's Armour
 40082 | Crypt:1  | Entered Level 1 of the Crypt
 42808 | Crypt:2  | Found a runed translucent gate.
 42823 | Crypt:2  | Found a runed translucent gate.
 42823 | Crypt:2  | Found a runed translucent gate.
 42824 | Crypt:2  | Noticed Fainec's ghost (veteran GrEE)
 42825 | Crypt:2  | Noticed Hali's ghost (veteran FoFi)
 42825 | Crypt:2  | Noticed Nyubb's ghost (veteran MiGl)
 42876 | Crypt:2  | Paralysed by a vampire knight for 5 turns
 43544 | Vaults:4 | Reached skill level 10 in Ice Magic
 43960 | Vaults:4 | Found a huge runed gate.
 43960 | Vaults:4 | Found a huge runed gate.
 43960 | Vaults:4 | Found a huge runed gate.
 43960 | Vaults:4 | Found a huge runed gate.
 43960 | Vaults:4 | Found a huge runed gate.
 43961 | Vaults:4 | Found a huge runed gate.
 43961 | Vaults:4 | Found a huge runed gate.
 43961 | Vaults:4 | Found a huge runed gate.
 43961 | Vaults:4 | Found a huge runed gate.
 43963 | Vaults:4 | Found a huge runed gate.
 43963 | Vaults:4 | Found a huge runed gate.
 43963 | Vaults:4 | Found a huge runed gate.
 43963 | Vaults:4 | Found a huge runed gate.
 43963 | Vaults:4 | Found a huge runed gate.
 43963 | Vaults:4 | Found a huge runed gate.
 43964 | Vaults:4 | Found a huge runed gate.
 44100 | Vaults:4 | Found a huge runed gate.
 44100 | Vaults:4 | Found a huge runed gate.
 44103 | Vaults:4 | Found a huge runed gate.
 44103 | Vaults:4 | Found a huge runed gate.
 44103 | Vaults:4 | Found a huge runed gate.
 44103 | Vaults:4 | Found a huge runed gate.
 44103 | Vaults:4 | Found a huge runed gate.
 44103 | Vaults:4 | Found a huge runed gate.
 44103 | Vaults:4 | Found a huge runed gate.
 44104 | Vaults:4 | Found a huge runed gate.
 44108 | Vaults:4 | Found a huge runed gate.
 44117 | Vaults:4 | Found a huge runed gate.
 44117 | Vaults:4 | Found a huge runed gate.
 44117 | Vaults:4 | Found a huge runed gate.
 44117 | Vaults:4 | Found a huge runed gate.
 44117 | Vaults:4 | Found a huge runed gate.
 44118 | Vaults:4 | Found a huge runed gate.
 44119 | Vaults:4 | Found a huge runed gate.
 44120 | Vaults:4 | Found a huge runed gate.
 44121 | Vaults:4 | Found a huge runed gate.
 44142 | Vaults:4 | Noticed a golden dragon
 44480 | Vaults:4 | Found Gint's Magic Scroll Shop.
 44694 | Vaults:4 | Reached XP level 22. HP: 119/135 MP: 26/55
 44816 | Vaults:4 | Learned a level 8 spell: Maxwell's Capacitive Coupling
 44837 | Vaults:4 | Killed a golden dragon
 44873 | Vaults:4 | Got the Octavo of Execration and Ceraunoscopy
 45034 | Crypt:3  | Entered Level 3 of the Crypt
 45234 | Crypt:3  | Found a staircase to the Tomb.
 45482 | Crypt:3  | Identified the +5 mace of Fedhas's Displeasure {flame,
                  | rElec rC+ Int+3}
 45589 | Crypt:3  | Paralysed by a vampire knight for 4 turns
 45595 | Crypt:3  | HP: 6/135 [vampire knight/vampiric draining (15)]
 46251 | Crypt:3  | Noticed a curse toe
 46536 | Crypt:3  | Noticed a dread lich
 46536 | Crypt:3  | Noticed an ancient lich
 46591 | Crypt:3  | Noticed a dread lich
 46630 | Crypt:3  | Killed a curse toe
 46682 | Crypt:3  | Killed an ancient lich
 46683 | Crypt:3  | Reached skill level 10 in Fire Magic
 46683 | Crypt:3  | Reached skill level 10 in Earth Magic
 46685 | Crypt:3  | Killed a dread lich
 46712 | Crypt:3  | Got the Handbook of Vapourous Creation
 47075 | Elf:1    | Entered Level 1 of the Elven Halls
 47162 | Elf:1    | Paralysed by an air elemental for 1 turns
 48165 | Depths:3 | Identified the ring "Moihuig" {Ice Will+ Str+5 Dex+3}
 48165 | Depths:3 | Noticed Josephina
 48316 | Depths:3 | Found a one-way gateway to a ziggurat.
 48386 | Depths:3 | Noticed a juggernaut
 48407 | Depths:3 | Killed a juggernaut
 48471 | Depths:3 | Noticed Grunn
 48534 | Depths:3 | Noticed Margery
 48552 | Depths:3 | Killed Margery
 49270 | Depths:3 | Killed Josephina
 49455 | Depths:3 | Killed Grunn
 49732 | Depths:3 | Found a glowing silver altar of Zin.
 49858 | Depths:3 | Reached XP level 23. HP: 140/140 MP: 50/56
 50610 | Depths:4 | Entered Level 4 of the Depths
 51035 | Depths:4 | Acquired a Necronomicon
 51342 | Depths:4 | Reached skill level 15 in Necromancy
 51424 | Depths:4 | Found a gate to the Realm of Zot.
 52256 | Depths:4 | Found an ornate altar of the Wu Jian Council.
 52960 | Elf:2    | Found a crumbling gateway.
 53017 | Desolati | Entered the Desolation of Salt
 53059 | Desolati | HP: 6/134 [halazid warlock/bolt of cold (25)]
 53069 | Desolati | HP: 4/134 [peacekeeper[a halazid warlock] (13)]
 53070 | Desolati | Slain by a peacekeeper

Illustrated notes

Levels and vault maps discovered:
D:1:      sevenhm_arrival_forest_fort_small_3, layout_rooms,
          chequers_serial_rivers_room_b, minmay_misc_feat_five
D:2:      layout_loops_ring, dreamdust_ecumenical_altar_angels_and_demons,
          serial_shops, shop
D:3:      layout_basic, grunt_temple_overflow_open, minmay_misc_feat_iff
D:4:      layout_basic, nicolae_overflow_quartered_altars, serial_shops,
          nicolae_diamond_shop
D:5:      layout_loops_ring, lemuel_doored_altar, minmay_misc_feat_rows,
          dreamdust_wishing_well
D:6:      layout_loops_cross, fedhas_altar_fruit_tree,
          minmay_temple_entry_glass, uniq_pikel, uniq_blork_the_orc
D:7:      layout_basic, uniq_menkaure, uniq_joseph, uniq_crazy_yiuf_cottage
D:8:      layout_basic, nicolae_uskayaw_dance_hall, serial_demonic,
          serial_demonic_d, serial_demonic_a, serial_demonic_c,
          serial_demonic_c, nicolae_diode_quadrants
D:9:      layout_irregular_city, kennysheep_little_box, enter_bailey_4,
          minmay_between, uniq_harold
D:10:     layout_basic, nicolae_ru_awakened_eye
D:11:     layout_rooms, hellmonk_lair_entry_icy, serial_ice, serial_ice_j,
          serial_ice_m, serial_ice_o, serial_ice_c, serial_ice_g, serial_ice_f,
          guppyfry_shop_earth, uniq_psyche, uniq_lodul
D:12:     layout_roguey, nicolae_trove_entry_crossroad
D:13:     layout_loops_ring, lightli_vaults_fourway_checkpoint
D:14:     nzn_winding_woodlands_large [nzn_winding_woodlands_5x5_checkerboard,
          nzn_winding_woodlands_5x15_longhouse,
          nzn_winding_woodlands_5x5_default,
          nzn_winding_woodlands_center_garden,
          nzn_winding_woodlands_15x15_five_gardens,
          nzn_winding_woodlands_center_lodge, nzn_winding_woodlands_5x5_default,
          nzn_winding_woodlands_5x15_crooked, nzn_winding_woodlands_5x5_three],
          layout_loops_corners
D:15:     grunt_enter_depths_giant_problem, layout_rooms,
          nicolae_qazlal_scattered_showers, gauntlet_entry_generic
Lair:1:   layout_small_grid
Lair:2:   gammafunk_boulding_lane, layout_small_grid, elwin_shoals_entry_rooms
Lair:3:   kb_forest_paths, layout_chaotic_city, spider_nest_entry_rubble
Lair:4:   layout_hall_layers, grunt_megastairs_3, lemuel_fruit_fields,
          uniq_rupert
Lair:5:   guppyfry_lair_end_dragon, layout_misc_corridors, wormcave,
          dpeg_slime_entry_enclosed
Shoals:1: layout_shoals, nicolae_shoals_nautilus_by_nature
Shoals:2: argonaut_golden_fleece, layout_shoals, nicolae_shop_firing_range
Shoals:3: layout_shoals, serial_shops, shop, nicolae_shoals_lost_giant_hut,
          uniq_ilsuiw
Shoals:4: shoals_end_hellmonk_lost_city, serial_shops
Spider:1: layout_spider_delve, nicolae_spider_some_kinda_spiderbox
Spider:2: layout_spider_delve, nicolae_spider_twisty_arc_passages
Spider:3: layout_chambers, nicolae_orb_stairs
Spider:4: grunt_spider_rune_circles, guppyfry_hornet_nest, uniq_mara
Orc:1:    layout_caves
Orc:2:    pf_orc_diabolical, layout_diamond_mine, uniq_azrael
Elf:1:    minmay_elf_arrival_plus, layout_loops_cross,
          kennysheep_underground_church
Elf:2:    nicolae_elf_blades_crystal_corner, layout_rooms,
          portal_desolation_entry_salt, minivault_25_ag, minmay_shop_star
Vaults:1: vaults_dpeg_emergency_exit, nicolae_vaults_ellipses_ellipsis,
          nicolae_vaults_variable_pillar_hall, v_misc_22, v_misc_33,
          nicolae_vaults_closet_pinwheel_3, v_alt_pattern_4, v_alt_pattern_4,
          nicolae_vaults_tetromino_Z_2, nicolae_vaults_taking_the_gang_shopping,
          nicolae_vaults_spaceships, v_misc_33, nicolae_vaults_shelves_hall,
          nicolae_vaults_trapezoid_lopsided_1, nicolae_vaults_little_ls,
          layout_vaults_ring
Vaults:2: ontoclasm_vaults_bender, nicolae_vaults_storage_closets_1, v_misc_9,
          vaults_room_pools, nicolae_vaults_more_shelving_2, v_misc_14,
          vaults_standard_mumra_lines, hangedman_vaults_stream,
          nicolae_vaults_windows_and_doors_thing,
          minmay_crypt_entry_simple_corners, nicolae_vaults_stand_back,
          vaults_dpeg_diagonal, nicolae_vaults_little_squares_5,
          layout_vaults_omnibox, serial_shops, bzr_entry_gold
Vaults:3: nicolae_vaults_three_branches, v_misc_15, vaults_standard_mumra_x,
          v_misc_13, ontoclasm_vaults_loading_screen, nicolae_vaults_tangram_1,
          nicolae_vaults_display_case, vaults_room_ringed_pool,
          nicolae_vaults_octothorpe, vaults_mumra_minichess,
          nicolae_vaults_variable_pillar_hall, v_alt_pattern_6,
          nicolae_vaults_tetromino_L_1, nicolae_vaults_trapezoid_3,
          layout_vaults_big_room, uniq_mennas
Vaults:4: nicolae_vaults_network_periphery, nicolae_vaults_angled_halls,
          ontoclasm_vaults_twist, door_vault, nicolae_vaults_more_shelving_1,
          nicolae_vaults_yaktaur_gun_rack, hangedman_vaults_slither, v_rooms_1,
          ontoclasm_vaults_claustrophobia, nicolae_vaults_trapezoid_lopsided_1,
          grunt_vaults_focal, hangedman_vaults_slice, layout_vaults_omnicross,
          serial_shops, shop
Crypt:1:  layout_rooms, grunt_ministairs_11, st_small_mortuary
Crypt:2:  layout_chaotic_city, gammafunk_ghost_cemetery
Crypt:3:  david_glass_crypt, layout_misc_corridors, tomb_entry_simple_bobbens,
          glass_columns_a
Depths:1: layout_cave_pools, grunt_hell_horde, lemuel_statue_altar,
          nicolae_vehumet_radiance
Depths:2: kennysheep_bubbly, layout_cave_pools, nicolae_two_hexagons,
          serial_shops, nicolae_shop_trees, infiniplex_enter_wizlab_glasses,
          abyss_entry, pf_hell_entry_great_geh, rand_demon_pan_entry_7,
          chequers_jeans
Depths:3: evilmike_silver_temple, layout_honeycomb, enter_ziggurat_f,
          hangedman_coc_ice_floe, abyss_entry, uniq_margery, uniq_grunn,
          uniq_josephina
Depths:4: grunt_zot_entry_gee_three, layout_gridlike, nzn_wu_jian_council_hall,
          grunt_hell_entry_dis_old, st_stairs_3, chequers_serial_rivers_room_b
Desolation

Skill      XL: |  1  2  3  4  5  6  7  8  9 10 11 12 13 14 15 16 17 18 19 20 21 22 23 |
---------------+----------------------------------------------------------------------+-----
Dodging        | 1 2 3 4 5 6 7 8 9 10 11 12 13 14 15 16 17 18 | 18.3
Short Blades   | 1 2 4 5 6 7 8 9 10 | 10.9
Necromancy     | 1 2 3 4 5 6 7 9 10 11 12 13 14 15 | 15.3
Spellcasting   | 5 6 7 9 11 12 14 15 16 17 18 19 21 22 24 25 26 27 | 27.0
Conjurations   | 1 3 4 5 6 7 8 9 |  9.6
Translocations | 3 4 5 6 7 |  7.5
Fire Magic     | 1 2 3 4 5 6 7 8 9 11 12 | 12.7
Throwing       | 1 2 3 |  3.3
Stealth        | 2 3 4 5 6 7 |  7.6
Poison Magic   | 2 3 4 5 6 7 8 9 10 11 | 11.7
Transmutations | 2 3 4 5 6 7 8 9 |  9.4
Earth Magic    | 2 4 5 6 7 8 9 10 | 10.6
Fighting       | 2 4 5 6 7 8 9 10 11 12 13 | 13.1
Armour         | 1 2 4 5 6 7 |  7.0
Long Blades    | 1 |  1.4
Ice Magic      | 2 4 5 6 7 9 10 11 | 11.8
Air Magic      | 1 3 4 6 7 8 9 10 11 12 13 | 13.0
Shields        | |  1.9
Invocations    | |  1.0
Evocations     | |  0.6

Action                     |  1- 3 |  4- 6 |  7- 9 | 10-12 | 13-15 | 16-18 | 19-21 | 22-24 || total
---------------------------+-------+-------+-------+-------+-------+-------+-------+-------++-------
  Melee: Short sword       |    76 |    73 |       |       |       |       |       |       ||   149
         Rapier            |       |    23 |    52 |    21 |       |       |       |       ||    96
         Dagger            |       |    17 |       |       |       |       |       |       ||    17
         Scimitar          |       |       |     6 |    65 |       |       |       |       ||    71
         Pair of quick bla |       |       |       |    67 |   277 |   483 |   789 |   426 ||  2042
  Throw: Dart              |       |     4 |    28 |    60 |       |       |       |       ||    92
         Boomerang         |       |       |       |       |     3 |     5 |    36 |    20 ||    64
   Cast: Apportation       |    34 |    27 |    35 |    81 |    54 |    74 |    70 |    32 ||   407
         Magic Dart        |    41 |    59 |    34 |    16 |     3 |       |       |       ||   153
         Vampiric Draining |     3 |    19 |    51 |   141 |    21 |    54 |    65 |    63 ||   417
         Blink             |     1 |     1 |     1 |    18 |    10 |     7 |    14 |    12 ||    64
         Scorch            |       |       |    54 |   109 |       |       |       |       ||   163
         Teleport Other    |       |       |     5 |       |       |       |       |       ||     5
         Searing Ray       |       |       |     8 |    13 |    10 |     3 |    25 |    11 ||    70
         Ignite Poison     |       |       |     1 |    32 |   122 |   199 |   113 |    71 ||   538
         Sticky Flame      |       |       |       |    46 |    37 |    54 |    98 |    77 ||   312
         Lee's Rapid Decon |       |       |       |    10 |     1 |       |    10 |    21 ||    42
         Poisonous Vapours |       |       |       |    42 |   207 |   273 |   126 |    83 ||   731
         Wereblood         |       |       |       |     7 |    20 |    23 |    39 |    23 ||   112
         Freezing Cloud    |       |       |       |     6 |    29 |    23 |    38 |    20 ||   116
         Mephitic Cloud    |       |       |       |     3 |    26 |    14 |    22 |    13 ||    78
         Irradiate         |       |       |       |       |     3 |    12 |    22 |    28 ||    65
         Fireball          |       |       |       |       |     1 |     2 |    14 |    10 ||    27
         Olgreb's Toxic Ra |       |       |       |       |       |    39 |    50 |    20 ||   109
         Ozocubu's Refrige |       |       |       |       |       |     6 |     7 |    11 ||    24
         Statue Form       |       |       |       |       |       |       |     1 |       ||     1
         Dispel Undead     |       |       |       |       |       |       |    47 |    60 ||   107
         Ozocubu's Armour  |       |       |       |       |       |       |    36 |    67 ||   103
         Airstrike         |       |       |       |       |       |       |     5 |     2 ||     7
         Arcjolt           |       |       |       |       |       |       |     3 |       ||     3
         Maxwell's Capacit |       |       |       |       |       |       |       |     6 ||     6
Ability: End Transformatio |       |       |       |       |       |       |     1 |       ||     1
  Evoke: Wand              |       |       |       |       |       |       |     6 |       ||     6
    Use: Scroll            |     1 |       |       |    20 |     8 |    13 |     7 |     8 ||    57
         Potion            |       |       |     3 |     6 |     1 |     4 |     8 |     9 ||    31
   Stab: Sleeping          |     2 |     3 |     2 |     2 |     4 |     4 |    22 |     4 ||    43
         Distracted        |       |       |     1 |       |     1 |       |       |     1 ||     3
         Confused          |       |       |       |       |     8 |       |     3 |     5 ||    16
         Petrified         |       |       |       |       |     2 |       |       |       ||     2
 Armour: Robe              |    52 |    23 |    34 |    21 |       |       |       |       ||   130
         Steam dragon scal |       |       |       |    42 |       |       |       |       ||    42
         Troll leather arm |       |       |       |    48 |   141 |   332 |       |       ||   521
         Ring mail         |       |       |       |       |       |    79 |   449 |   410 ||   938
         Skin              |       |       |       |       |       |       |    12 |       ||    12
  Dodge: Dodged            |    96 |    63 |    80 |   302 |   173 |   471 |   443 |   326 ||  1954
         Repelled          |       |       |       |       |       |     8 |       |       ||     8
  Block: Buckler           |    25 |    18 |    23 |    65 |       |       |       |       ||   131
